 Dungeon Crawl Stone Soup version 0.28.0 (webtiles) character file.

Game seed: 11946662129632025367

65 AmazingTV the Skirmisher (level 3, -2/33 HPs)
             Began as a Minotaur Fighter on July 1, 2022.
             Slain by Terence (9 damage)
             ... on level 2 of the Dungeon.
             The game lasted 00:03:17 (1002 turns).

AmazingTV the Skirmisher (Minotaur Fighter)         Turns: 1002, Time: 00:03:18

Health: -2/33      AC:  7    Str: 22    XL:     3   Next: 92%
Magic:  2/2        EV:  9    Int:  5    God:
Gold:   40         SH:  4    Dex:  9    Spells: 2/2 levels left

rFire   . . .      SeeInvis .   a - +0 war axe {axe}
rCold   . . .      Faith    .   c - +0 buckler
rNeg    . . .      Spirit   .   b - +0 scale mail
rPois   .          Reflect  .   (helmet restricted)
rElec   .          Harm     .   (no cloak)
rCorr   .          Rampage  .   (no gloves)
Will    .....                   (no boots)
Stlth   ..........              (no amulet)
HPRegen 0.11/turn               (no ring)
MPRegen 0.08/turn               (no ring)

@: mighty
A: horns 2, retaliatory headbutt
a: no special abilities


You were on level 2 of the Dungeon.
You visited 1 branch of the dungeon, and saw 2 of its levels.

You collected 40 gold pieces.


Innate Abilities, Weirdness & Mutations

You have a pair of horns on your head.
You reflexively headbutt those who attack you in melee.


   Skills:
 + Level 4.2 Fighting
 + Level 3.2 Axes
 + Level 1.1 Slings
 + Level 4.2 Armour
 + Level 4.2 Shields


You had 2 spell levels left.
You didn't know any spells.
Your spell library contained the following spells:

 Spells                   Type           Power      Damage    Failure   Level
 Sublimation of Blood     Necr           0%         N/A       95%         2
 Petrify                  Tmut/Erth      0%         N/A       100%        4
 Irradiate                Conj/Tmut      0%         3d14      100%        5

Inventory:

Hand Weapons
 a - a +0 war axe (weapon) {axe}
Missiles
 f - 36 stones (quivered)
Armour
 b - a +0 scale mail (worn)
 c - a +0 buckler (worn)
Scrolls
 e - a scroll of fear {unknown}
 g - a scroll of teleportation {unknown}
 j - a scroll of summoning {unknown}
Potions
 h - a potion of curing {unknown}
 i - a potion of lignification {unknown}
 k - a potion of flight {unknown}

Dungeon Overview and Level Annotations

Branches:
Dungeon (2/15)

Altars:

Annotations:
D:2 Terence

.# #........ .# #..#
#........ .###..# #........
..##..# #........ #.##..#
#######........ #.##..#
#.............. #..#..#
#..........#
##.#..###########.....)....#
##.#...<........@@.........#
##.#.##.#########..........#
##...##.# ###.########
†....##.# #.# .†..>##.# #..
....###.# #### ....# #.#
....# #.# ....#


You could see Terence (berserk).


Message History

You take 4 damage, and now have 29/33 hp.
You closely miss Robin. Robin hits you but does no damage.
You barely miss Robin. Robin completely misses you.
You hit Robin.
You kill Robin!
Your Slings skill increases to level 1!
Items here: ) [[ †. 😕 HP[+1]
Press: ? - help, v - describe, . - travel, g - get item
Items here: ) [[ †.
The floor.
Okay, then.
Items here: ))))) †††.
Items here: ))))) ††††.
Found a stone staircase leading down. 😎 HP[+3]
Your hp is fully restored (33).
A hobgoblin comes into view.
The hobgoblin shouts!
A quokka comes into view.
You block the hobgoblin's attack.
The endoplasm quivers.
You slash the hobgoblin!
You kill the hobgoblin!
You hit the endoplasm.
You kill the endoplasm!
A hobgoblin comes into view.
A hobgoblin is nearby!
Unknown command.
A hobgoblin is nearby!
The hobgoblin shouts!
Found an escape hatch in the floor.
You block the quokka's attack.
You hit the quokka.
The quokka bites you but does no damage.
The quokka bites you. 😕 HP[-2]
You take 2 damage, and now have 31/33 hp.
You hit the quokka. You headbutt the quokka.
You kill the quokka!
You hit the hobgoblin. The hobgoblin hits you. 😕 HP[-3]
You take 3 damage, and now have 28/33 hp.
You hit the hobgoblin.
You kill the hobgoblin!
k - a murky golden potion You see here a hobgoblin corpse. 😎 HP[+5]
Your hp is fully restored (33).
You see here a quokka corpse.
You see here a quokka corpse.
Found a stone staircase leading up.
An endoplasm comes into view.
The endoplasm quivers.
There is a stone staircase leading up here.
The endoplasm hits you but does no damage.
You slash the endoplasm!
You kill the endoplasm!
A goblin comes into view. It is wielding a +0 club.
The goblin shouts!
A frilled lizard comes into view.
The goblin barely misses you. You furiously retaliate!
You headbutt the goblin, but do no damage.
You closely miss the goblin. You headbutt the goblin.
You kill the goblin!
Terence the Incautious comes into view.
He is wielding a +0 flail.
Terence shouts!
You miss the frilled lizard. You headbutt the frilled lizard.
You kill the frilled lizard!
Terence drinks a potion.
Terence goes berserk!
Terence hits you with a +0 flail! 😮 HP[-12]
You take 12 damage, and now have 21/33 hp.
MASSIVE DAMAGE!! (PAUSE)
You are too injured to fight recklessly!
You hit Terence. Terence closely misses you.
Terence hits you with a +0 flail. 😮 HP[-4]
You take 4 damage, and now have 17/33 hp.
Terence rages.
Terence hits you with a +0 flail.
* * * LOW HITPOINT WARNING * * *
😨 HP[-1]
You take 1 damage, and now have 16/33 hp.
You barely miss Terence. You block Terence's attack.
Terence hits you with a +0 flail.
* * * LOW HITPOINT WARNING * * *
😨 HP[-1]
You take 1 damage, and now have 15/33 hp.
You hit Terence but do no damage. Terence hits you with a +0 flail.
* * * LOW HITPOINT WARNING * * *
Terence hits you with a +0 flail.
* * * LOW HITPOINT WARNING * * *
😱 HP[-9]
You take 9 damage, and now have 6/33 hp.
MASSIVE DAMAGE!! (PAUSE)
You feel very mighty all of a sudden. Terence barely misses you. 😱 HP[+1]
You closely miss Terence. Terence hits you with a +0 flail!
You die...

Skill      XL: |  1  2  3 |
---------------+----------+-----
Fighting       | 4 |  4.2
Axes           | 3 |  3.2
Armour         | 4 |  4.2
Shields        | 4 |  4.2
Slings         | 1 |  1.1

Action                   || total
-------------------------++-------
Melee: War axe           ||    66
       Headbutt          ||     9
  Use: Potion            ||     1
Armor: Scale mail        ||    22
Dodge: Dodged            ||    29
Block: Buckler           ||    14

Levels and vault maps discovered:
D:1:      wander_arrival_peaceful_grave, layout_basic,
          dreamdust_ecumenical_altar_drowned_temple
D:2:      layout_basic, minmay_vboxes, uniq_robin, uniq_terence

Notes
Turn   | Place    | Note
-------+----------+-------------------------------------------
     0 | D:1      | AmazingTV the Minotaur Fighter began the quest for the Orb.
     0 | D:1      | Reached XP level 1. HP: 19/19 MP: 0/0
     0 | D:1      | magus.rc [v1.9.6]
     6 | D:1      | You pick up a book of Alchemy and begin reading...
     6 | D:1      | You add the spells Sublimation of Blood, Petrify and
                  | Irradiate to your library.
   153 | D:1      | Found a faded altar of an unknown god.
   180 | D:1      | Reached XP level 2. HP: 27/27 MP: 1/1
   736 | D:2      | Reached skill level 4 in Fighting
   736 | D:2      | Reached skill level 3 in Axes
   736 | D:2      | Reached skill level 4 in Armour
   736 | D:2      | Reached skill level 4 in Shields
   736 | D:2      | Reached XP level 3. HP: 33/33 MP: 2/2
   811 | D:2      | Noticed Robin
   858 | D:2      | Killed Robin
   859 | D:2      | Reached skill level 1 in Slings
   988 | D:2      | Noticed Terence
  1000 | D:2      | HP: 6/33 [Terence (4)]
  1002 | D:2      | Slain by Terence

Vanquished Creatures
  Robin (D:2)
  An adder (D:2)
  A dart slug (D:1)
  A bat (D:1)
  3 endoplasms
  12 goblins
  7 hobgoblins
  2 quokkas
  2 ball pythons (D:1)
  3 frilled lizards
  A kobold (D:1)
  3 rats (D:1)
  A spectral goblin (D:1)
38 creatures vanquished.

Table legend:
 A = Non-vault XP
 B = Vault XP
 C = Vault XP percentage of total XP
 D = Non-vault monster count
 E = Vault monster count
 F = Vault count percentage of total count
                 A         B        C        D         E       F
            +---------+---------+-------+---------+---------+-------
      Total |      55 |      38 |  40.9 |      25 |      13 |  34.2
            +---------+---------+-------+---------+---------+-------
        D:1 |      29 |       1 |   3.3 |      17 |       1 |   5.6
        D:2 |      26 |      37 |  58.7 |       8 |      12 |  60.0
            +---------+---------+-------+---------+---------+-------

Illustrated notes

Table legend:
 A = Kills in this place as a percentage of kills in entire the game.
 B = Kills by you in this place as a percentage of kills by you in the entire game.
 C = Kills by friends in this place as a percentage of kills by friends in the entire game.
 D = Other kills in this place as a percentage of other kills in the entire game.
 E = Experience gained in this place as a percentage of experience gained in the entire game.
 F = Experience gained in this place divided by the number of levels of this place that you have seen.
                   A       B       C       D       E      F
               +-------+-------+-------+-------+-------+----------------------
         Total | 100.0 | 100.0 |   N/A |   N/A | 100.0 |  46.5
       Dungeon | 100.0 | 100.0 |   N/A |   N/A | 100.0 |  46.5
               +-------+-------+-------+-------+-------+----------------------

Table legend: (Time is in decaauts)
 A = Elapsed time spent in this place.
 B = Non-inter-level travel time spent in this place.
 C = Inter-level travel time spent in this place.
 D = Time resting spent in this place.
 E = Time spent auto-exploring this place.
 F = Levels seen in this place.
 G = Mean time per level.
                   A        B        C        D        E       F      G
               +--------+--------+--------+--------+--------+-----+--------+
         Total |   1034 |   1001 |     33 |      0 |    795 |   2 |  517.0 |
       Dungeon |   1034 |   1001 |     33 |      0 |    795 |   2 |  517.0 |
               +--------+--------+--------+--------+--------+-----+--------+

Top non-repeatable levels by time:
     D:1: 739 daAuts
     D:2: 295 daAuts
